AoeStats
← 沒起房子我日

Arena

508610509Analyzed
4v4 RM · 9d ago on Sep 23, 2026· 39m 26s· 8 players
Game mode
Random Map
Map size
Large (8 player)
Population
200
Speed
Normal
Resources
Standard
Victory
Conquest
Starting age
Dark Age
Ending age
Imperial Age
RankedLock teamsTeams togetherTeam positionsShared explorationLock speedFull tech treeHidden civsTurbo modeCheats
Victory
Defeat
🇺🇸 Saracens · United States
1589
+15
🇩🇪 Muisca · Germany
1569
+16
🇩🇪 Malians · Germany
1532
+18
🇨🇳 Franks · China
1401
+22
🇨🇳 Teutons · China
1625
-20
🇹🇼 Spanish · Taiwan
1596
-19
🇻🇳 Aztecs · Vietnam
1522
-16
🇹🇼 Cumans · Taiwan
1522
-16
沒起房子我日
8:25 Feudal Age
8:57 Double-Bit Axe
9:16 Horse Collar
19:10 Castle Age
17:35 Gold Mining
17:46 Loom
19:03 Scale Barding Armor
19:34 Wheelbarrow
19:42 Forging
20:13 Bloodlines
20:27 Chain Barding Armor
20:55 Capped Ram
23:01 Bow Saw
22:53 Heavy Plow
24:37 Gold Shaft Mining
25:29 Hand Cart
29:16 Imperial Age
28:04 Scale Mail Armor
28:46 Iron Casting
30:42 Plate Barding Armor
29:38 Cavalier
31:04 Stone Mining
33:03 Blast Furnace
elmor
7:12 Loom
10:53 Feudal Age
14:26 Castle Age
12:49 Double-Bit Axe
13:09 Horse Collar
25:53 Imperial Age
24:29 Bow Saw
28:07 Padded Archer Armor
29:11 Leather Archer Armor
28:58 Heavy Plow
34:45 Bloodlines
36:36 Husbandry
36:04 Cavalier
37:23 Scale Barding Armor
DALAT_M<O>NGKHAN
9:57 Feudal Age
13:46 Castle Age
11:52 Double-Bit Axe
12:27 Horse Collar
15:05 Wheelbarrow
18:36 Heavy Plow
20:17 Bow Saw
23:09 Gold Mining
23:27 Stone Mining
26:12 Imperial Age
23:51 Fletching
25:03 Gold Shaft Mining
25:17 Stone Shaft Mining
24:28 Crossbowman
25:10 Padded Archer Armor
25:22 Loom
26:15 Hand Cart
25:58 Bodkin Arrow
26:32 Leather Archer Armor
26:19 Arbalester
28:07 Chemistry
27:44 Bracer
29:07 Ballistics
31:03 Capped Ram
32:09 Atlatl
32:31 Garland Wars
33:08 Pikeman
33:50 Scale Mail Armor
34:01 Forging
33:25 Elite Skirmisher
36:47 Chain Mail Armor
35:54 Eagle Warrior
36:36 Squires
36:22 Arson
37:30 Conscription
37:09 Elite Eagle Warrior
38:27 Plate Mail Armor
38:35 Iron Casting
无垢之识
9:21 Feudal Age
13:09 Castle Age
11:26 Horse Collar
12:05 Double-Bit Axe
18:08 Bow Saw
20:48 Wheelbarrow
20:59 Heavy Plow
21:52 Hand Cart
21:58 Town Watch
24:23 Loom
24:38 Gold Mining
27:41 Imperial Age
25:43 Scale Barding Armor
25:49 Forging
25:49 Stone Mining
27:01 Chain Barding Armor
27:40 Bloodlines
28:28 Iron Casting
29:02 Plate Barding Armor
27:57 Cavalier
29:53 Crop Rotation
30:46 Conscription
30:27 Paladin
33:04 Two-Man Saw
32:48 Stone Shaft Mining
33:21 Chemistry
34:51 Blast Furnace
33:51 Scale Mail Armor
33:53 Squires
33:39 Gambesons
33:40 Arson
Lastmantillidie
10:34 Feudal Age
11:33 Double-Bit Axe
14:40 Castle Age
12:35 Horse Collar
15:40 Bow Saw
21:13 Stone Mining
21:43 Loom
23:17 Wheelbarrow
23:01 Town Watch
24:21 Gold Mining
25:28 Heavy Plow
27:30 Hand Cart
27:31 Bloodlines
27:22 Husbandry
30:34 Imperial Age
28:55 Scale Barding Armor
31:03 Ballistics
31:45 Chain Barding Armor
31:36 Forging
31:07 Elite Mameluke
32:08 Conscription
32:35 Gold Shaft Mining
33:06 Two-Man Saw
33:52 Plate Barding Armor
34:23 Fletching
35:27 Counterweights
35:31 Bimaristan
35:33 Fervor
37:34 Chemistry
37:50 Hoardings
38:20 Iron Casting
37:40 Bodkin Arrow
37:59 Masonry
daumasson
7:54 Loom
10:00 Feudal Age
13:39 Castle Age
11:39 Double-Bit Axe
11:36 Horse Collar
14:43 Bow Saw
14:51 Heavy Plow
20:47 Wheelbarrow
22:13 Hand Cart
22:25 Gold Mining
24:31 Stone Mining
27:23 Imperial Age
24:39 Loom
25:07 Scale Mail Armor
25:53 Town Watch
26:25 Chain Mail Armor
26:20 Forging
25:46 Pikeman
26:26 Squires
26:18 Fletching
26:41 Masonry
28:44 Plate Mail Armor
29:05 Iron Casting
28:56 Onager
30:23 Conscription
30:16 Elite Temple Guard
30:59 Fletching
34:13 Capped Ram
34:56 Siege Onager
gamelnderGamler
11:48 Feudal Age
12:37 Double-Bit Axe
15:28 Castle Age
13:50 Horse Collar
16:35 Bow Saw
16:28 Heavy Plow
24:35 Wheelbarrow
28:49 Imperial Age
26:40 Gold Mining
27:25 Scale Barding Armor
27:29 Loom
27:39 Fletching
28:57 Husbandry
29:10 Bloodlines
29:09 Heavy Camel Rider
30:39 Forging
34:32 Chemistry
34:41 Chain Barding Armor
35:40 Hand Cart
35:41 Light Cavalry
37:21 Gold Shaft Mining
38:43 Plate Barding Armor
38:36 Conscription
39:47 Iron Casting
39:15 Farimba
'Rhythm_' = idiot
10:32 Feudal Age
14:19 Castle Age
12:55 Double-Bit Axe
13:46 Wheelbarrow
19:29 Bow Saw
20:01 Loom
23:27 Hand Cart
23:55 Gold Mining
25:27 Ballistics
27:59 Imperial Age
26:04 Fletching
26:14 Padded Archer Armor
26:01 Ordonnance Companies
27:31 Bodkin Arrow
27:38 Husbandry
29:03 Leather Archer Armor
28:16 Cranequins
28:56 Town Watch
29:31 Heavy Mounted Crossbowman
32:10 Chemistry
36:59 Masonry
37:03 Fortified Wall
37:39 Scale Barding Armor
37:45 Forging
37:39 Scale Mail Armor
38:05 Conscription
Connection lost

Rejoining the realm…

Still unreachable

The connection could not be restored.

Session expired

The server has moved on; the page needs a fresh start.